AoeStats
← Ice_And_Fire

Arena

509728400Analyzed
2v2 RM · 6d ago on Sep 27, 2026· 62m 12s· 4 players
Game mode
Random Map
Map size
Medium (4 player)
Population
200
Speed
Normal
Resources
Standard
Victory
Conquest
Starting age
Dark Age
Ending age
Imperial Age
RankedLock teamsTeams togetherTeam positionsShared explorationLock speedFull tech treeHidden civsTurbo modeCheats
Victory
Defeat
🇺🇸 Danes · United States
967
+19
🇺🇸 Persians · United States
966
+19
🇩🇪 Bulgarians · Germany
1034
-20
🇹🇷 Khmer · Türkiye
1017
-18
Ice_And_Fire
7:25 Loom
10:57 Feudal Age
15:08 Castle Age
13:28 Horse Collar
14:58 Double-Bit Axe
16:27 Forging
17:05 Bow Saw
18:20 Scale Barding Armor
18:51 Fervor
18:49 Heavy Plow
19:45 Gambesons
22:13 Squires
23:59 Wheelbarrow
26:20 Iron Casting
25:46 Scale Mail Armor
32:09 Imperial Age
29:52 Town Watch
30:40 Hand Cart
32:43 Pikeman
33:09 Arson
33:32 Fletching
33:43 Padded Archer Armor
34:54 Chain Barding Armor
35:04 Bodkin Arrow
38:24 Chemistry
39:18 Conscription
40:25 Halberdier
43:34 Chain Mail Armor
43:24 Bracer
44:53 Bagains
44:52 Stirrups
46:03 Husbandry
46:14 Bloodlines
48:35 Plate Mail Armor
48:42 Plate Barding Armor
48:24 Light Cavalry
51:07 Blast Furnace
50:24 Elite Konnik
52:38 Caravan
55:11 Ballistics
58:03 Leather Archer Armor
58:27 Siege Engineers
60:28 Onager
60:29 Heavy Scorpion
remoba66_
0:30 Loom
12:10 Feudal Age
12:41 Double-Bit Axe
12:37 Horse Collar
19:28 Castle Age
19:53 Wheelbarrow
21:20 Bow Saw
21:12 Heavy Plow
22:52 Gold Mining
22:54 Stone Mining
24:56 Hand Cart
26:21 Tusk Swords
28:30 Forging
28:25 Scale Barding Armor
32:01 Imperial Age
29:23 Light Cavalry
30:13 Bloodlines
30:54 Bloodlines
30:38 Fletching
30:49 Padded Archer Armor
31:49 Caravan
33:33 Conscription
33:53 Heavy Scorpion
34:51 Double Crossbow
35:32 Bodkin Arrow
35:39 Padded Archer Armor
37:10 Chemistry
37:18 Elite Ballista Elephant
38:59 Bracer
39:15 Siege Engineers
42:32 Hussar
54:32 Chain Barding Armor
54:47 Iron Casting
58:58 Crossbowman
60:16 Plate Barding Armor
60:17 Iron Casting
59:57 Leather Archer Armor
61:00 Arbalester
Mrs.Butterworth
7:02 Loom
9:58 Feudal Age
10:41 Double-Bit Axe
10:39 Horse Collar
18:55 Castle Age
17:17 Scale Mail Armor
19:22 Wheelbarrow
20:16 Bow Saw
20:07 Heavy Plow
20:58 Man-at-Arms
21:39 Squires
23:05 Chain Mail Armor
23:00 Forging
22:25 Long Swordsman
25:18 Gold Mining
25:51 Fletching
25:59 Pikeman
34:29 Imperial Age
32:53 Ballistics
32:39 Hamask
35:11 Northmen's Fury
36:14 Conscription
35:18 Onager
37:02 Halberdier
38:50 Plate Mail Armor
38:56 Iron Casting
39:03 Siege Engineers
38:50 Two-Handed Swordsman
39:16 Gambesons
41:12 Hoardings
40:24 Capped Ram
42:01 Champion
44:36 Hand Cart
44:11 Siege Onager
45:20 Town Watch
46:37 Blast Furnace
45:32 Bodkin Arrow
45:37 Padded Archer Armor
46:41 Chemistry
45:52 Masonry
45:52 Careening
45:43 Murder Holes
45:58 Masonry
45:35 Siege Onager
51:10 Bracer
51:25 Leather Archer Armor
51:49 Caravan
52:03 Siege Ram
53:16 Elite Jomsviking
58:43 Ring Archer Armor
58:19 Scale Barding Armor
60:25 Arson
Aunt Jemima
10:02 Feudal Age
10:36 Double-Bit Axe
10:34 Horse Collar
17:23 Castle Age
17:19 Loom
20:02 Wheelbarrow
21:05 Bow Saw
21:02 Heavy Plow
31:32 Imperial Age
29:27 Fletching
29:37 Padded Archer Armor
29:38 Scale Mail Armor
32:04 Citadels
32:38 Crop Rotation
33:44 Hand Cart
35:12 Gold Mining
35:12 Stone Mining
36:18 Hoardings
35:42 Bodkin Arrow
36:44 Conscription
37:33 Kamandaran
39:17 Guilds
39:37 Coinage
42:33 Gold Shaft Mining
41:41 Elite War Elephant
43:43 Stone Shaft Mining
44:39 Thumb Ring
43:54 Crossbowman
44:56 Leather Archer Armor
44:52 Forging
45:11 Ballistics
45:52 Chemistry
45:03 Masonry
44:49 Murder Holes
49:01 Caravan
53:26 Bloodlines
53:16 Husbandry
52:38 Cavalier
60:20 Banking
Connection lost

Rejoining the realm…

Still unreachable

The connection could not be restored.

Session expired

The server has moved on; the page needs a fresh start.